[ AOE2 MATCH · #484172360 ]
UnrankedTurks vs Huns
[ REPLAY ANALYSIS · EXTRACTED FROM THE RECORDED GAME ]
Feudal
11:16
Castle
15:04
Imperial
25:59
| APM avg | 22.9 |
| APM peak | 68 |
| eAPM avg | 14.0 |
| Villagers / military | 188 / 144 |
Focus
⚔️ 20.5% · 🌾 79.5%
Janissary ×119 · Trade Cart ×14 · Scout Cavalry ×14 · Camel Scout ×4 · Trebuchet (Packed) ×4 · Bombard Cannon ×3
Feudal
8:21
Castle
13:32
Imperial
28:33
| APM avg | 25.8 |
| APM peak | 71 |
| eAPM avg | 13.4 |
| Villagers / military | 126 / 705 |
Focus
⚔️ 33.8% · 🌾 66.2%
Mameluke ×309 · Scout Cavalry ×206 · Skirmisher ×174 · Trade Cart ×33 · Mangonel ×9 · Trebuchet (Packed) ×4
Feudal
10:48
Castle
15:41
Imperial
31:55
| APM avg | 18.5 |
| APM peak | 83 |
| eAPM avg | 11.0 |
| Villagers / military | 161 / 412 |
Focus
⚔️ 22.6% · 🌾 77.4%
Tarkan ×396 · Trade Cart ×23 · Battering Ram ×15 · Monk ×1
Feudal
9:06
Castle
15:14
Imperial
47:57
| APM avg | 17.6 |
| APM peak | 118 |
| eAPM avg | 12.9 |
| Villagers / military | 78 / 90 |
Focus
⚔️ 16.5% · 🌾 83.5%
Chu Ko Nu ×90 · Trade Cart ×3
Feudal
8:21
Castle
13:24
Imperial
32:16
| APM avg | 39.4 |
| APM peak | 125 |
| eAPM avg | 21.6 |
| Villagers / military | 190 / 875 |
Focus
⚔️ 38.8% · 🌾 61.2%
Scout Cavalry ×591 · Mangudai ×191 · Mangonel ×66 · Trebuchet (Packed) ×15 · Battering Ram ×12 · Trade Cart ×7
Feudal
8:10
Castle
15:09
Imperial
29:18
| APM avg | 33.6 |
| APM peak | 123 |
| eAPM avg | 22.4 |
| Villagers / military | 187 / 147 |
Focus
⚔️ 24.2% · 🌾 75.8%
Unknown (1263) ×312 · Spearman ×117 · Keshik ×30
Feudal
8:27
Castle
12:32
Imperial
30:46
| APM avg | 39.5 |
| APM peak | 82 |
| eAPM avg | 22.1 |
| Villagers / military | 135 / 1028 |
Focus
⚔️ 38.5% · 🌾 61.5%
Samurai ×591 · Militia ×264 · Spearman ×150 · Trade Cart ×33 · Scorpion ×18 · Trebuchet (Packed) ×5
Match map
Resources at game start + every placement click. Thick line = wall · dashed box = detected house wall. 🟡 gold · ⚪ stone · 🟢 berries · 🔶 boar · ⭕ relic
Inputs per minute
— 喜多川海梦 - - 家恒
Build order — 喜多川海梦
First 150 of 429 actions detected
| 0:06 | Build | House |
| 0:09 | Build | House |
| 0:15 | Create | Villager (Male) ×2 |
| 0:15 | Create | Villager (Male) ×2 |
| 0:37 | Build | Lumber Camp |
| 0:55 | Create | Villager (Male) |
| 1:30 | Create | Villager (Male) |
| 1:30 | Create | Villager (Male) |
| 1:30 | Create | Villager (Male) |
| 2:15 | Create | Villager (Male) |
| 2:27 | Build | Mill |
| 2:42 | Create | Villager (Male) |
| 3:06 | Create | Villager (Male) |
| 3:26 | Create | Villager (Male) |
| 3:37 | Build | House |
| 4:04 | Create | Villager (Male) |
| 4:04 | Create | Villager (Male) |
| 4:04 | Create | Villager (Male) |
| 4:06 | Create | Villager (Male) |
| 4:49 | Build | Mining Camp |
| 5:18 | Create | Villager (Male) |
| 5:18 | Create | Villager (Male) |
| 5:18 | Create | Villager (Male) |
| 5:18 | Create | Villager (Male) |
| 5:38 | Create | Villager (Male) |
| 5:53 | Create | Villager (Male) |
| 6:37 | Create | Villager (Male) |
| 6:37 | Create | Villager (Male) |
| 6:39 | Create | Villager (Male) |
| 7:09 | Build | Farm |
| 7:20 | Build | Mill |
| 7:31 | Build | Farm |
| 7:54 | Build | Farm |
| 8:17 | Build | Farm |
| 8:50 | Build | Farm |
| 9:06 | Research | Feudal Age |
| 11:16 | Age | Feudal Age |
| 11:21 | Build | Blacksmith |
| 11:34 | Build | Market |
| 12:24 | Research | Castle Age |
| 12:31 | Build | Mining Camp |
| 12:45 | Research | Double-Bit Axe |
| 12:47 | Research | Gold Mining |
| 13:29 | Research | Stone Mining |
| 14:18 | Build | Farm |
| 14:18 | Build | Farm |
| 14:19 | Build | Farm |
| 14:49 | Research | Fletching |
| 15:04 | Age | Castle Age |
| 15:20 | Build | Castle |
| 16:08 | Create | Villager (Male) |
| 16:09 | Create | Villager (Male) |
| 16:09 | Create | Villager (Male) |
| 16:17 | Build | House |
| 16:47 | Build | University |
| 17:02 | Create | Villager (Male) |
| 17:02 | Create | Villager (Male) |
| 17:02 | Create | Villager (Male) |
| 17:02 | Create | Villager (Male) |
| 17:03 | Create | Villager (Male) |
| 17:24 | Build | Town Center |
| 17:41 | Create | Janissary |
| 17:43 | Create | Janissary |
| 18:08 | Build | Farm |
| 18:16 | Create | Janissary |
| 18:38 | Create | Janissary |
| 18:59 | Create | Janissary |
| 19:05 | Research | Ballistics |
| 19:36 | Build | Farm |
| 19:42 | Build | Farm |
| 20:33 | Build | Farm |
| 20:33 | Build | Farm |
| 20:41 | Build | Farm |
| 20:41 | Build | Farm |
| 20:42 | Build | Farm |
| 21:50 | Build | Castle |
| 22:49 | Research | Imperial Age |
| 22:57 | Create | Villager (Male) |
| 23:14 | Create | Villager (Male) |
| 23:14 | Create | Villager (Male) |
| 23:14 | Create | Villager (Male) |
| 23:14 | Create | Villager (Male) |
| 23:33 | Build | Mining Camp |
| 24:12 | Build | Farm |
| 24:12 | Build | Farm |
| 24:32 | Create | Villager (Male) |
| 24:32 | Create | Villager (Male) |
| 24:33 | Create | Villager (Male) |
| 24:49 | Create | Janissary |
| 24:49 | Create | Janissary |
| 24:59 | Create | Janissary |
| 24:59 | Create | Janissary |
| 25:09 | Create | Janissary |
| 25:09 | Create | Janissary |
| 25:23 | Create | Villager (Male) |
| 25:23 | Create | Villager (Male) |
| 25:59 | Age | Imperial Age |
| 26:00 | Create | Trebuchet (Packed) |
| 26:16 | Create | Janissary |
| 26:16 | Create | Janissary |
| 26:16 | Create | Janissary |
| 26:21 | Create | Villager (Male) |
| 26:21 | Create | Villager (Male) |
| 26:21 | Create | Villager (Male) |
| 26:38 | Create | Trebuchet (Packed) |
| 26:44 | Create | Villager (Male) |
| 26:44 | Create | Villager (Male) |
| 26:45 | Create | Villager (Male) |
| 26:49 | Create | Villager (Male) |
| 26:49 | Create | Villager (Male) |
| 26:49 | Create | Villager (Male) |
| 27:12 | Build | Farm |
| 27:30 | Research | Horse Collar |
| 27:39 | Create | Janissary |
| 27:39 | Create | Janissary |
| 27:40 | Create | Janissary |
| 27:40 | Create | Janissary |
| 27:40 | Create | Janissary |
| 27:47 | Create | Janissary |
| 27:47 | Create | Janissary |
| 28:22 | Build | Stone Wall |
| 28:26 | Research | Bodkin Arrow |
| 28:32 | Create | Janissary ×2 |
| 28:32 | Create | Janissary ×2 |
| 28:51 | Create | Villager (Male) |
| 28:52 | Create | Villager (Male) |
| 28:52 | Create | Villager (Male) |
| 29:50 | Create | Janissary ×5 |
| 29:51 | Create | Janissary |
| 29:59 | Build | House |
| 30:00 | Build | House |
| 30:00 | Build | House |
| 30:00 | Build | House |
| 30:15 | Create | Villager (Male) |
| 30:15 | Create | Villager (Male) |
| 30:15 | Create | Villager (Male) |
| 30:44 | Research | Padded Archer Armor |
| 32:02 | Create | Villager (Male) |
| 32:02 | Create | Villager (Male) |
| 32:03 | Create | Villager (Male) |
| 32:03 | Create | Villager (Male) |
| 32:03 | Create | Villager (Male) |
| 32:06 | Create | Villager (Male) |
| 32:06 | Create | Villager (Male) |
| 32:07 | Create | Villager (Male) |
| 32:07 | Create | Villager (Male) |
| 32:12 | Research | Heavy Plow |
| 32:35 | Build | Mill |
| 32:37 | Build | Farm |
| 32:38 | Build | Farm |
Build order — 家恒
First 150 of 563 actions detected
| 0:07 | Build | Lumber Camp |
| 0:11 | Create | Villager (Male) |
| 0:11 | Create | Villager (Male) |
| 0:59 | Create | Villager (Male) |
| 1:27 | Create | Villager (Male) |
| 1:27 | Create | Villager (Male) |
| 2:35 | Create | Villager (Male) |
| 2:40 | Build | House |
| 2:48 | Build | House |
| 3:24 | Create | Villager (Male) |
| 4:06 | Create | Villager (Male) |
| 4:06 | Create | Villager (Male) |
| 4:34 | Build | Mill |
| 4:48 | Create | Villager (Male) |
| 5:10 | Create | Villager (Male) |
| 5:22 | Create | Villager (Male) |
| 5:37 | Build | Farm |
| 5:38 | Build | Farm |
| 5:47 | Build | Farm |
| 5:47 | Build | Farm |
| 6:02 | Research | Feudal Age |
| 6:19 | Create | Villager (Male) |
| 8:19 | Create | Villager (Male) |
| 8:20 | Create | Villager (Male) |
| 8:21 | Age | Feudal Age |
| 8:43 | Build | House |
| 8:59 | Build | Mining Camp |
| 9:15 | Create | Villager (Male) |
| 9:31 | Build | Market |
| 9:33 | Build | Blacksmith |
| 9:53 | Build | Farm |
| 9:53 | Build | Farm |
| 9:54 | Build | Farm |
| 9:57 | Create | Villager (Male) |
| 10:27 | Create | Villager (Male) |
| 10:44 | Research | Castle Age |
| 10:55 | Build | House |
| 10:57 | Build | House |
| 10:58 | Build | House |
| 11:28 | Research | Double-Bit Axe |
| 11:30 | Research | Horse Collar |
| 13:32 | Age | Castle Age |
| 13:34 | Build | Town Center |
| 13:46 | Create | Villager (Male) |
| 13:47 | Create | Villager (Male) |
| 13:51 | Build | Town Center |
| 13:53 | Create | Villager (Male) |
| 14:28 | Create | Villager (Male) |
| 15:06 | Create | Villager (Male) |
| 15:06 | Create | Villager (Male) |
| 15:32 | Build | Monastery |
| 15:33 | Create | Villager (Male) |
| 15:34 | Create | Villager (Male) |
| 15:34 | Create | Villager (Male) |
| 15:36 | Create | Villager (Male) |
| 15:36 | Create | Villager (Male) |
| 15:41 | Create | Villager (Male) |
| 15:41 | Create | Villager (Male) |
| 15:48 | Create | Villager (Male) |
| 16:17 | Build | House |
| 16:18 | Build | House |
| 16:19 | Build | House |
| 16:20 | Create | Monk |
| 16:23 | Create | Villager (Male) |
| 16:25 | Create | Villager (Male) |
| 16:26 | Create | Villager (Male) |
| 16:37 | Build | Farm |
| 16:37 | Build | Farm |
| 16:37 | Build | Farm |
| 16:38 | Build | Farm |
| 17:13 | Create | Villager (Male) |
| 17:14 | Create | Villager (Male) |
| 17:14 | Create | Villager (Male) |
| 17:16 | Create | Villager (Male) |
| 17:47 | Create | Villager (Male) |
| 17:47 | Create | Villager (Male) |
| 17:48 | Create | Villager (Male) |
| 17:58 | Build | Town Center |
| 18:02 | Create | Villager (Male) |
| 18:02 | Create | Villager (Male) |
| 18:08 | Build | House |
| 18:08 | Build | House |
| 18:09 | Build | House |
| 18:11 | Build | Barracks |
| 18:17 | Build | Farm |
| 18:17 | Build | Farm |
| 18:18 | Build | Farm |
| 18:18 | Build | Farm |
| 18:38 | Create | Villager (Male) |
| 18:38 | Create | Villager (Male) |
| 19:02 | Create | Villager (Male) |
| 19:03 | Create | Villager (Male) |
| 19:12 | Build | Farm |
| 19:12 | Build | Farm |
| 19:12 | Build | Farm |
| 19:13 | Build | Farm |
| 19:13 | Build | Farm |
| 19:17 | Create | Villager (Male) |
| 19:26 | Create | Villager (Male) |
| 19:44 | Build | Mining Camp |
| 19:48 | Create | Villager (Male) |
| 19:48 | Create | Villager (Male) |
| 19:51 | Build | Mining Camp |
| 19:56 | Build | Mining Camp |
| 19:58 | Create | Villager (Male) |
| 20:04 | Create | Villager (Male) |
| 20:10 | Build | Farm |
| 20:11 | Build | Farm |
| 20:11 | Build | Farm |
| 20:11 | Build | Farm |
| 20:15 | Create | Villager (Male) |
| 20:21 | Create | Villager (Male) |
| 20:31 | Build | Stable |
| 20:47 | Create | Villager (Male) |
| 20:48 | Create | Villager (Male) |
| 20:49 | Create | Villager (Male) |
| 20:51 | Create | Villager (Male) |
| 21:11 | Create | Villager (Male) |
| 21:12 | Create | Villager (Male) |
| 21:12 | Create | Villager (Male) |
| 21:30 | Build | Farm |
| 21:30 | Build | Farm |
| 21:31 | Build | Farm |
| 21:31 | Build | Farm |
| 21:36 | Create | Villager (Male) |
| 21:45 | Build | House |
| 21:45 | Build | House |
| 21:47 | Build | House |
| 21:48 | Build | House |
| 21:49 | Build | House |
| 21:50 | Build | House |
| 21:51 | Build | House |
| 22:02 | Create | Trade Cart |
| 22:06 | Create | Trade Cart |
| 22:08 | Create | Trade Cart |
| 22:17 | Create | Villager (Male) |
| 22:18 | Create | Villager (Male) |
| 22:18 | Create | Villager (Male) |
| 22:19 | Create | Villager (Male) |
| 22:20 | Create | Villager (Male) |
| 22:20 | Create | Villager (Male) |
| 22:29 | Create | Villager (Male) |
| 22:41 | Build | Castle |
| 22:55 | Build | University |
| 23:06 | Create | Villager (Male) |
| 23:06 | Create | Villager (Male) |
| 23:07 | Create | Villager (Male) |
| 23:07 | Create | Villager (Male) |
| 23:08 | Create | Villager (Male) |
| 23:09 | Create | Villager (Male) |
Build order — 一拍车拍死你全家
First 150 of 397 actions detected
| 0:13 | Create | Villager (Male) ×2 |
| 1:12 | Build | Mining Camp |
| 1:36 | Create | Villager (Male) |
| 1:36 | Create | Villager (Male) |
| 1:36 | Create | Villager (Male) |
| 2:25 | Build | Lumber Camp |
| 3:19 | Create | Villager (Male) |
| 3:19 | Create | Villager (Male) |
| 3:20 | Create | Villager (Male) |
| 3:58 | Build | Mill |
| 4:42 | Build | Mill |
| 4:56 | Create | Villager (Male) |
| 4:56 | Create | Villager (Male) |
| 5:53 | Create | Villager (Male) |
| 6:23 | Create | Villager (Male) |
| 6:44 | Create | Villager (Male) |
| 7:23 | Create | Villager (Male) |
| 8:38 | Research | Feudal Age |
| 9:46 | Create | Villager (Male) |
| 9:47 | Create | Villager (Male) |
| 9:47 | Create | Villager (Male) |
| 9:56 | Build | Farm |
| 9:57 | Build | Farm |
| 9:57 | Build | Farm |
| 9:57 | Build | Farm |
| 10:38 | Build | Mining Camp |
| 10:48 | Age | Feudal Age |
| 10:56 | Build | Blacksmith |
| 11:12 | Build | Market |
| 11:24 | Build | Farm |
| 11:53 | Build | Farm |
| 13:01 | Research | Castle Age |
| 13:41 | Research | Double-Bit Axe |
| 13:47 | Create | Villager (Male) |
| 14:03 | Build | Farm |
| 14:15 | Build | Farm |
| 14:25 | Research | Horse Collar |
| 14:29 | Create | Villager (Male) |
| 14:29 | Create | Villager (Male) |
| 15:41 | Age | Castle Age |
| 15:48 | Build | Town Center |
| 16:03 | Build | Monastery |
| 16:16 | Create | Villager (Male) |
| 16:16 | Create | Villager (Male) |
| 16:52 | Research | Stone Mining |
| 17:09 | Build | Farm |
| 17:09 | Build | Farm |
| 17:09 | Build | Farm |
| 17:10 | Build | Farm |
| 17:12 | Build | Farm |
| 17:43 | Create | Villager (Male) |
| 17:44 | Create | Villager (Male) |
| 17:44 | Create | Villager (Male) |
| 17:45 | Create | Villager (Male) |
| 17:46 | Create | Villager (Male) |
| 17:57 | Build | University |
| 18:15 | Create | Villager (Male) |
| 18:15 | Create | Villager (Male) |
| 18:22 | Research | Wheelbarrow |
| 18:26 | Create | Villager (Male) |
| 18:26 | Create | Villager (Male) |
| 18:26 | Create | Villager (Male) |
| 18:30 | Create | Villager (Male) |
| 18:30 | Create | Villager (Male) |
| 19:04 | Build | Town Center |
| 19:10 | Create | Villager (Male) |
| 19:13 | Create | Villager (Male) |
| 19:13 | Create | Villager (Male) |
| 19:35 | Create | Monk |
| 20:00 | Research | Bow Saw |
| 20:05 | Research | Heavy Plow |
| 21:12 | Build | Town Center |
| 21:19 | Create | Villager (Male) |
| 21:19 | Create | Villager (Male) |
| 21:20 | Create | Villager (Male) |
| 21:48 | Create | Villager (Male) |
| 21:57 | Create | Villager (Male) |
| 21:58 | Create | Villager (Male) |
| 21:58 | Create | Villager (Male) |
| 21:59 | Create | Villager (Male) |
| 22:02 | Create | Villager (Male) |
| 22:08 | Create | Villager (Male) |
| 22:36 | Create | Villager (Male) |
| 22:39 | Create | Villager (Male) |
| 23:03 | Create | Villager (Male) |
| 23:05 | Create | Villager (Male) |
| 23:08 | Create | Villager (Male) |
| 23:21 | Build | Farm |
| 23:21 | Build | Farm |
| 23:21 | Build | Farm |
| 23:22 | Build | Farm |
| 23:28 | Create | Villager (Male) |
| 23:30 | Create | Villager (Male) |
| 23:46 | Build | Farm |
| 23:46 | Build | Farm |
| 23:46 | Build | Farm |
| 23:47 | Build | Farm |
| 23:48 | Build | Farm |
| 23:58 | Create | Villager (Male) |
| 23:58 | Create | Villager (Male) |
| 24:17 | Create | Villager (Male) |
| 24:18 | Create | Villager (Male) |
| 24:31 | Build | Farm |
| 24:31 | Build | Farm |
| 24:31 | Build | Farm |
| 24:31 | Build | Farm |
| 24:43 | Create | Villager (Male) |
| 24:43 | Create | Villager (Male) |
| 24:47 | Create | Villager (Male) |
| 25:06 | Create | Villager (Male) |
| 25:06 | Create | Villager (Male) |
| 25:11 | Build | Mill |
| 25:14 | Build | Farm |
| 25:14 | Build | Farm |
| 25:14 | Build | Farm |
| 25:33 | Create | Villager (Male) |
| 25:35 | Create | Villager (Male) |
| 25:35 | Create | Villager (Male) |
| 25:38 | Create | Villager (Male) |
| 25:39 | Create | Villager (Male) |
| 25:41 | Create | Villager (Male) |
| 25:41 | Create | Villager (Male) |
| 25:55 | Build | Mining Camp |
| 26:07 | Build | Castle |
| 26:19 | Create | Villager (Male) |
| 26:22 | Research | Hand Cart |
| 26:35 | Build | Farm |
| 26:35 | Build | Farm |
| 26:35 | Build | Farm |
| 26:36 | Build | Farm |
| 27:24 | Create | Villager (Male) |
| 27:25 | Create | Villager (Male) |
| 27:27 | Create | Villager (Male) |
| 27:28 | Create | Villager (Male) |
| 27:30 | Create | Villager (Male) |
| 27:31 | Create | Villager (Male) |
| 27:34 | Create | Villager (Male) |
| 27:34 | Create | Villager (Male) |
| 27:44 | Build | Mill |
| 27:46 | Build | Farm |
| 27:46 | Build | Farm |
| 27:46 | Build | Farm |
| 27:47 | Build | Farm |
| 27:47 | Build | Farm |
| 27:56 | Create | Villager (Male) |
| 28:16 | Build | Barracks |
| 28:45 | Research | Imperial Age |
| 29:33 | Build | Stable |
| 29:34 | Build | Stable |
| 29:36 | Build | Stable |
Build order — 傲娇
First 150 of 305 actions detected
| 0:26 | Build | Lumber Camp |
| 1:24 | Create | Villager (Male) |
| 2:09 | Build | Mill |
| 3:33 | Create | Villager (Male) |
| 5:21 | Create | Villager (Male) |
| 5:35 | Create | Villager (Male) |
| 5:36 | Create | Villager (Male) |
| 6:56 | Research | Feudal Age |
| 6:57 | Create | Villager (Male) |
| 6:57 | Create | Villager (Male) |
| 6:57 | Create | Villager (Male) |
| 8:25 | Build | Mining Camp |
| 8:37 | Build | Lumber Camp |
| 9:06 | Age | Feudal Age |
| 10:08 | Build | Blacksmith |
| 10:37 | Build | Market |
| 11:18 | Build | House |
| 11:20 | Build | House |
| 11:22 | Build | House |
| 11:54 | Build | Mining Camp |
| 12:34 | Research | Castle Age |
| 13:07 | Create | Villager (Male) |
| 13:07 | Create | Villager (Male) |
| 14:56 | Research | Stone Mining |
| 15:00 | Research | Double-Bit Axe |
| 15:14 | Age | Castle Age |
| 15:52 | Build | Town Center |
| 15:57 | Create | Villager (Male) |
| 15:57 | Create | Villager (Male) |
| 15:58 | Create | Villager (Male) |
| 15:58 | Create | Villager (Male) |
| 15:59 | Research | Loom |
| 16:36 | Build | Farm |
| 16:39 | Build | Farm |
| 16:40 | Build | Farm |
| 16:42 | Build | Farm |
| 18:17 | Create | Villager (Male) |
| 18:57 | Build | Town Center |
| 19:26 | Build | Farm |
| 20:22 | Research | Wheelbarrow |
| 20:53 | Build | University |
| 21:22 | Create | Villager (Male) |
| 21:23 | Create | Villager (Male) |
| 21:23 | Create | Villager (Male) |
| 22:02 | Build | Castle |
| 22:26 | Research | Ballistics |
| 22:38 | Build | Farm |
| 22:42 | Build | Farm |
| 22:44 | Build | Farm |
| 22:46 | Build | Farm |
| 22:49 | Build | Farm |
| 22:53 | Build | Farm |
| 22:55 | Build | Farm |
| 22:57 | Build | Farm |
| 22:59 | Build | Farm |
| 23:01 | Build | Farm |
| 23:03 | Build | Farm |
| 23:05 | Build | Farm |
| 23:08 | Build | Farm |
| 23:40 | Research | Fletching |
| 23:41 | Research | Forging |
| 24:30 | Create | Villager (Male) |
| 24:30 | Create | Villager (Male) |
| 24:30 | Create | Villager (Male) |
| 24:31 | Create | Villager (Male) |
| 25:27 | Create | Chu Ko Nu |
| 25:27 | Create | Chu Ko Nu |
| 25:27 | Create | Chu Ko Nu |
| 25:28 | Create | Chu Ko Nu |
| 25:28 | Create | Chu Ko Nu |
| 25:28 | Create | Chu Ko Nu |
| 25:28 | Create | Chu Ko Nu |
| 25:29 | Create | Chu Ko Nu |
| 25:29 | Create | Chu Ko Nu |
| 25:29 | Create | Chu Ko Nu |
| 25:30 | Create | Chu Ko Nu |
| 25:30 | Create | Chu Ko Nu |
| 25:30 | Create | Chu Ko Nu |
| 25:30 | Create | Chu Ko Nu |
| 25:31 | Create | Chu Ko Nu |
| 25:53 | Create | Villager (Male) |
| 25:53 | Create | Villager (Male) |
| 25:53 | Create | Villager (Male) |
| 25:53 | Create | Villager (Male) |
| 25:54 | Create | Villager (Male) |
| 25:54 | Create | Villager (Male) |
| 26:25 | Build | Farm |
| 26:37 | Research | Bow Saw |
| 26:56 | Build | Farm |
| 27:01 | Build | Farm |
| 27:10 | Build | Farm |
| 27:13 | Build | Farm |
| 27:26 | Create | Villager (Male) |
| 27:26 | Create | Villager (Male) |
| 27:26 | Create | Villager (Male) |
| 27:27 | Create | Villager (Male) |
| 27:27 | Create | Villager (Male) |
| 27:27 | Create | Villager (Male) |
| 27:27 | Create | Villager (Male) |
| 28:06 | Build | Farm |
| 28:08 | Build | Farm |
| 28:13 | Build | Farm |
| 28:16 | Build | Farm |
| 28:18 | Build | Farm |
| 28:20 | Build | Farm |
| 28:26 | Build | Farm |
| 28:51 | Build | Farm |
| 29:08 | Create | Villager (Male) |
| 29:08 | Create | Villager (Male) |
| 29:09 | Create | Villager (Male) |
| 29:09 | Create | Villager (Male) |
| 29:09 | Create | Villager (Male) |
| 29:09 | Create | Villager (Male) |
| 29:10 | Create | Villager (Male) |
| 29:10 | Create | Villager (Male) |
| 29:10 | Create | Villager (Male) |
| 29:10 | Create | Villager (Male) |
| 29:11 | Create | Villager (Male) |
| 29:11 | Create | Villager (Male) |
| 29:11 | Create | Villager (Male) |
| 29:41 | Build | Farm |
| 29:55 | Build | Farm |
| 30:07 | Build | Farm |
| 30:10 | Build | Farm |
| 30:14 | Build | Farm |
| 30:16 | Build | Farm |
| 30:18 | Build | Farm |
| 30:46 | Build | Farm |
| 30:57 | Build | Farm |
| 31:03 | Build | Farm |
| 31:17 | Build | Farm |
| 31:25 | Build | Farm |
| 32:32 | Create | Villager (Male) |
| 32:32 | Create | Villager (Male) |
| 32:32 | Create | Villager (Male) |
| 32:33 | Create | Villager (Male) |
| 32:35 | Research | Hand Cart |
| 32:37 | Create | Villager (Male) |
| 32:37 | Create | Villager (Male) |
| 32:37 | Create | Villager (Male) |
| 33:08 | Research | Gold Mining |
| 35:47 | Create | Chu Ko Nu |
| 35:48 | Create | Chu Ko Nu |
| 35:48 | Create | Chu Ko Nu |
| 35:48 | Create | Chu Ko Nu |
| 35:48 | Create | Chu Ko Nu |
| 35:49 | Create | Chu Ko Nu |
| 35:49 | Create | Chu Ko Nu |
| 35:49 | Create | Chu Ko Nu |
| 35:49 | Create | Chu Ko Nu |
Build order — Up1set
First 150 of 645 actions detected
| 0:05 | Create | Villager (Male) |
| 0:05 | Create | Villager (Male) |
| 0:06 | Create | Villager (Male) |
| 0:08 | Build | Lumber Camp |
| 0:42 | Create | Villager (Male) |
| 1:25 | Build | House |
| 1:31 | Create | Villager (Male) |
| 1:45 | Create | Villager (Male) |
| 2:16 | Create | Villager (Male) |
| 2:26 | Build | Mill |
| 2:41 | Create | Villager (Male) |
| 3:07 | Create | Villager (Male) |
| 3:23 | Create | Villager (Male) |
| 3:25 | Build | House |
| 3:55 | Create | Villager (Male) |
| 4:07 | Build | Farm |
| 4:11 | Create | Villager (Male) |
| 4:47 | Create | Villager (Male) |
| 4:54 | Build | House |
| 5:05 | Create | Villager (Male) |
| 5:43 | Create | Villager (Male) |
| 6:11 | Research | Feudal Age |
| 6:18 | Build | Mining Camp |
| 6:27 | Build | Mining Camp |
| 7:40 | Create | Villager (Male) |
| 8:05 | Build | Farm |
| 8:21 | Age | Feudal Age |
| 8:26 | Create | Villager (Male) |
| 9:02 | Build | Blacksmith |
| 9:05 | Build | Market |
| 9:07 | Create | Villager (Male) |
| 9:18 | Build | House |
| 9:41 | Create | Villager (Male) |
| 10:08 | Build | Farm |
| 10:09 | Create | Villager (Male) |
| 10:44 | Research | Castle Age |
| 10:48 | Build | Mining Camp |
| 11:43 | Research | Double-Bit Axe |
| 11:48 | Research | Gold Mining |
| 11:49 | Research | Stone Mining |
| 12:05 | Research | Horse Collar |
| 12:20 | Build | House |
| 13:00 | Create | Villager (Male) |
| 13:24 | Age | Castle Age |
| 13:26 | Build | Town Center |
| 13:40 | Build | Town Center |
| 13:42 | Create | Villager (Male) |
| 13:52 | Build | Farm |
| 13:59 | Build | Farm |
| 14:10 | Create | Villager (Male) |
| 14:29 | Build | Farm |
| 14:40 | Create | Villager (Male) |
| 15:09 | Create | Villager (Male) |
| 15:17 | Build | Farm |
| 15:20 | Build | Farm |
| 15:27 | Build | Farm |
| 15:29 | Create | Villager (Male) |
| 15:40 | Build | Farm |
| 15:50 | Build | Farm |
| 16:01 | Research | Loom |
| 16:03 | Create | Villager (Male) |
| 16:12 | Build | Farm |
| 16:17 | Create | Villager (Male) |
| 16:22 | Create | Villager (Male) |
| 16:25 | Create | Villager (Male) |
| 16:27 | Create | Villager (Male) |
| 16:31 | Create | Villager (Male) |
| 16:45 | Build | Farm |
| 16:47 | Create | Villager (Male) |
| 16:59 | Create | Villager (Male) |
| 17:07 | Build | Farm |
| 17:11 | Build | Farm |
| 17:21 | Build | Farm |
| 17:21 | Create | Villager (Male) |
| 17:23 | Create | Villager (Male) |
| 17:32 | Build | Castle |
| 17:35 | Create | Villager (Male) |
| 17:43 | Create | Villager (Male) |
| 17:54 | Create | Villager (Male) |
| 17:59 | Build | Farm |
| 18:04 | Build | Mill |
| 18:08 | Create | Villager (Male) |
| 18:10 | Create | Villager (Male) |
| 18:30 | Build | Farm |
| 18:45 | Build | House |
| 18:47 | Build | House |
| 18:48 | Build | House |
| 18:49 | Build | House |
| 18:50 | Create | Villager (Male) |
| 19:08 | Build | Farm |
| 19:09 | Create | Villager (Male) |
| 19:15 | Create | Villager (Male) |
| 19:19 | Create | Villager (Male) |
| 19:20 | Create | Villager (Male) |
| 19:20 | Create | Villager (Male) |
| 19:21 | Create | Villager (Male) |
| 19:38 | Create | Villager (Male) |
| 19:38 | Create | Villager (Male) |
| 19:48 | Build | Farm |
| 19:52 | Build | Farm |
| 19:53 | Create | Villager (Male) |
| 19:53 | Create | Villager (Male) |
| 20:01 | Build | House |
| 20:12 | Create | Villager (Male) |
| 20:13 | Create | Villager (Male) |
| 20:19 | Build | Farm |
| 20:26 | Build | Farm |
| 20:55 | Create | Villager (Male) |
| 20:55 | Create | Villager (Male) |
| 20:55 | Create | Villager (Male) |
| 20:56 | Create | Villager (Male) |
| 20:56 | Create | Villager (Male) |
| 20:58 | Create | Villager (Male) |
| 21:04 | Build | Barracks |
| 21:09 | Create | Villager (Male) |
| 21:25 | Build | Castle |
| 21:32 | Create | Villager (Male) |
| 21:33 | Create | Villager (Male) |
| 21:35 | Create | Villager (Male) |
| 21:47 | Research | Bow Saw |
| 21:52 | Build | Mill |
| 21:53 | Build | Farm |
| 21:53 | Build | Farm |
| 21:59 | Create | Villager (Male) |
| 22:05 | Create | Villager (Male) |
| 22:11 | Build | House |
| 22:12 | Build | House |
| 22:15 | Build | House |
| 22:18 | Create | Villager (Male) |
| 22:18 | Create | Villager (Male) |
| 22:19 | Create | Villager (Male) |
| 22:38 | Create | Villager (Male) |
| 22:39 | Create | Villager (Male) |
| 22:57 | Build | Farm |
| 22:59 | Build | Farm |
| 23:01 | Create | Villager (Male) |
| 23:02 | Create | Villager (Male) |
| 23:02 | Create | Villager (Male) |
| 23:11 | Research | Heavy Plow |
| 23:23 | Create | Villager (Male) |
| 23:31 | Build | Farm |
| 23:34 | Build | Farm |
| 23:40 | Build | House |
| 23:40 | Create | Villager (Male) |
| 23:40 | Create | Villager (Male) |
| 23:41 | Create | Villager (Male) |
| 24:01 | Build | Siege Workshop |
| 24:08 | Build | Stable |
| 24:15 | Create | Villager (Male) |
| 24:15 | Create | Villager (Male) |
Build order — Tsukitech
First 150 of 472 actions detected
| 0:14 | Create | Villager (Male) |
| 0:14 | Create | Villager (Male) |
| 0:41 | Create | Villager (Male) |
| 0:45 | Build | Mill |
| 1:16 | Build | House |
| 1:35 | Create | Villager (Male) |
| 1:59 | Create | Villager (Male) |
| 2:13 | Create | Villager (Male) |
| 2:52 | Create | Villager (Male) |
| 3:24 | Build | Lumber Camp |
| 3:26 | Create | Villager (Male) |
| 3:51 | Create | Villager (Male) |
| 4:27 | Create | Villager (Male) |
| 4:38 | Build | House |
| 5:02 | Create | Villager (Male) |
| 5:35 | Create | Villager (Male) |
| 5:56 | Research | Feudal Age |
| 6:46 | Create | Villager (Male) |
| 8:10 | Age | Feudal Age |
| 8:12 | Create | Villager (Male) |
| 8:39 | Build | Mill |
| 8:45 | Build | Blacksmith |
| 8:49 | Build | Market |
| 8:59 | Create | Villager (Male) |
| 9:33 | Build | Mining Camp |
| 9:59 | Build | Farm |
| 9:59 | Build | Farm |
| 9:59 | Build | Farm |
| 10:00 | Build | Farm |
| 10:00 | Build | Farm |
| 10:01 | Build | Farm |
| 10:07 | Create | Villager (Male) |
| 10:17 | Build | House |
| 10:25 | Build | Farm |
| 10:48 | Create | Villager (Male) |
| 11:14 | Create | Villager (Male) |
| 11:15 | Create | Villager (Male) |
| 11:25 | Create | Villager (Male) |
| 12:10 | Build | Mining Camp |
| 12:19 | Build | Farm |
| 12:22 | Research | Castle Age |
| 14:12 | Build | House |
| 14:46 | Build | House |
| 15:00 | Create | Villager (Male) |
| 15:00 | Create | Villager (Male) |
| 15:00 | Create | Villager (Male) |
| 15:01 | Create | Villager (Male) |
| 15:09 | Age | Castle Age |
| 15:16 | Build | Town Center |
| 15:40 | Build | Town Center |
| 15:48 | Build | Town Center |
| 16:13 | Research | Horse Collar |
| 16:15 | Research | Double-Bit Axe |
| 16:28 | Build | Palisade Wall |
| 16:34 | Build | Farm |
| 16:52 | Create | Villager (Male) |
| 16:52 | Create | Villager (Male) |
| 16:52 | Create | Villager (Male) |
| 16:53 | Create | Villager (Male) |
| 16:53 | Create | Villager (Male) |
| 17:03 | Build | Farm |
| 17:09 | Research | Gold Mining |
| 17:16 | Create | Villager (Male) |
| 17:16 | Create | Villager (Male) |
| 17:17 | Create | Villager (Male) |
| 17:17 | Create | Villager (Male) |
| 17:17 | Create | Villager (Male) |
| 17:38 | Create | Villager (Male) |
| 17:39 | Create | Villager (Male) |
| 18:40 | Create | Villager (Male) |
| 18:40 | Create | Villager (Male) |
| 18:40 | Create | Villager (Male) |
| 18:40 | Create | Villager (Male) |
| 18:41 | Create | Villager (Male) |
| 18:52 | Create | Villager (Male) |
| 19:19 | Build | Farm |
| 19:20 | Create | Villager (Male) |
| 19:21 | Create | Villager (Male) |
| 19:21 | Create | Villager (Male) |
| 19:34 | Create | Villager (Male) |
| 19:34 | Create | Villager (Male) |
| 19:51 | Build | University |
| 19:59 | Research | Heavy Plow |
| 20:09 | Create | Villager (Male) |
| 20:10 | Create | Villager (Male) |
| 20:22 | Build | House |
| 20:23 | Build | House |
| 20:24 | Build | House |
| 21:00 | Create | Villager (Male) |
| 21:01 | Create | Villager (Male) |
| 21:02 | Create | Villager (Male) |
| 21:02 | Create | Villager (Male) |
| 21:04 | Create | Villager (Male) |
| 21:04 | Create | Villager (Male) |
| 21:05 | Create | Villager (Male) |
| 21:25 | Build | Farm |
| 21:41 | Build | Siege Workshop |
| 21:42 | Build | Siege Workshop |
| 21:45 | Build | Siege Workshop |
| 22:08 | Build | House |
| 22:09 | Build | House |
| 22:11 | Build | House |
| 22:15 | Build | Farm |
| 22:15 | Build | Farm |
| 22:15 | Build | Farm |
| 22:16 | Build | Farm |
| 22:16 | Build | Farm |
| 22:23 | Create | Villager (Male) |
| 22:23 | Create | Villager (Male) |
| 22:23 | Create | Villager (Male) |
| 22:24 | Create | Villager (Male) |
| 22:29 | Create | Villager (Male) |
| 22:29 | Create | Villager (Male) |
| 22:30 | Create | Villager (Male) |
| 22:30 | Create | Villager (Male) |
| 22:30 | Create | Villager (Male) |
| 22:39 | Create | Villager (Male) |
| 22:39 | Create | Villager (Male) |
| 23:04 | Build | Siege Workshop |
| 23:10 | Build | Farm |
| 23:15 | Build | Farm |
| 23:16 | Build | Farm |
| 23:17 | Build | Farm |
| 23:28 | Build | Farm |
| 23:41 | Build | Lumber Camp |
| 23:44 | Create | Villager (Male) |
| 23:44 | Create | Villager (Male) |
| 23:44 | Create | Villager (Male) |
| 23:45 | Create | Villager (Male) |
| 24:10 | Build | Farm |
| 24:10 | Build | Farm |
| 24:10 | Build | Farm |
| 24:11 | Build | Farm |
| 24:11 | Build | Farm |
| 24:11 | Build | Farm |
| 24:12 | Build | Farm |
| 24:23 | Build | Lumber Camp |
| 24:25 | Create | Villager (Male) |
| 24:25 | Create | Villager (Male) |
| 24:25 | Create | Villager (Male) |
| 24:26 | Create | Villager (Male) |
| 24:26 | Create | Villager (Male) |
| 24:34 | Build | Farm |
| 24:36 | Build | Farm |
| 24:46 | Create | Villager (Male) |
| 24:46 | Create | Villager (Male) |
| 24:46 | Create | Villager (Male) |
| 25:01 | Build | Farm |
| 25:03 | Build | Farm |
| 25:16 | Build | Farm |
Build order — LB_小小leo
First 150 of 646 actions detected
| 0:01 | Create | Villager (Male) |
| 0:01 | Create | Villager (Male) |
| 0:06 | Build | Lumber Camp |
| 0:44 | Create | Villager (Male) |
| 1:01 | Create | Villager (Male) |
| 1:20 | Build | House |
| 1:30 | Create | Villager (Male) |
| 1:44 | Build | Mill |
| 1:52 | Create | Villager (Male) |
| 2:11 | Create | Villager (Male) |
| 2:56 | Create | Villager (Male) |
| 3:18 | Create | Villager (Male) |
| 3:30 | Create | Villager (Male) |
| 3:38 | Build | House |
| 3:58 | Create | Villager (Male) |
| 4:10 | Create | Villager (Male) |
| 4:24 | Create | Villager (Male) |
| 5:04 | Create | Villager (Male) |
| 5:28 | Create | Villager (Male) |
| 5:41 | Create | Villager (Male) |
| 6:17 | Research | Feudal Age |
| 7:42 | Create | Villager (Male) |
| 7:42 | Create | Villager (Male) |
| 7:45 | Build | House |
| 8:04 | Build | Farm |
| 8:05 | Build | Farm |
| 8:11 | Build | Farm |
| 8:13 | Build | Farm |
| 8:27 | Age | Feudal Age |
| 8:33 | Build | Blacksmith |
| 8:39 | Build | Market |
| 8:47 | Build | Farm |
| 8:50 | Build | Farm |
| 8:51 | Build | Farm |
| 8:52 | Build | Farm |
| 8:57 | Build | Farm |
| 9:07 | Create | Villager (Male) |
| 9:52 | Research | Castle Age |
| 10:16 | Build | Mining Camp |
| 10:29 | Create | Villager (Male) |
| 10:29 | Create | Villager (Male) |
| 10:29 | Create | Villager (Male) |
| 10:46 | Research | Double-Bit Axe |
| 10:52 | Research | Horse Collar |
| 10:56 | Research | Double-Bit Axe |
| 11:01 | Build | House |
| 11:02 | Build | House |
| 12:10 | Create | Villager (Male) |
| 12:10 | Create | Villager (Male) |
| 12:11 | Create | Villager (Male) |
| 12:17 | Build | Mining Camp |
| 12:31 | Research | Stone Mining |
| 12:32 | Age | Castle Age |
| 12:48 | Build | House |
| 12:50 | Build | House |
| 13:23 | Research | Loom |
| 13:39 | Create | Villager (Male) |
| 13:40 | Create | Villager (Male) |
| 13:57 | Research | Scale Mail Armor |
| 14:27 | Build | Castle |
| 14:33 | Create | Villager (Male) |
| 14:43 | Create | Villager (Male) |
| 15:06 | Create | Villager (Male) |
| 15:27 | Create | Villager (Male) |
| 15:27 | Create | Villager (Male) |
| 15:33 | Build | House |
| 15:39 | Build | Mining Camp |
| 15:45 | Research | Forging |
| 15:46 | Research | Chain Mail Armor |
| 16:02 | Create | Samurai |
| 16:02 | Create | Samurai |
| 16:03 | Create | Samurai |
| 16:15 | Create | Samurai |
| 16:15 | Create | Samurai |
| 16:19 | Build | House |
| 16:26 | Create | Samurai |
| 16:26 | Create | Samurai |
| 16:48 | Create | Villager (Male) |
| 16:48 | Create | Villager (Male) |
| 16:58 | Build | Town Center |
| 17:21 | Create | Samurai |
| 17:22 | Create | Samurai |
| 17:22 | Create | Samurai |
| 17:22 | Create | Samurai |
| 17:46 | Create | Samurai |
| 17:48 | Create | Samurai |
| 17:59 | Build | Farm |
| 18:08 | Create | Villager (Male) |
| 18:54 | Create | Villager (Male) |
| 18:54 | Create | Villager (Male) |
| 18:56 | Create | Villager (Male) |
| 18:57 | Create | Villager (Male) |
| 19:02 | Build | Farm |
| 19:02 | Build | Farm |
| 19:07 | Create | Villager (Male) |
| 19:16 | Build | Farm |
| 19:30 | Create | Samurai |
| 19:30 | Create | Samurai |
| 19:39 | Create | Villager (Male) |
| 19:46 | Build | Farm |
| 20:00 | Create | Villager (Male) |
| 20:09 | Build | Farm |
| 20:17 | Build | Farm |
| 20:34 | Create | Villager (Male) |
| 20:37 | Create | Villager (Male) |
| 20:45 | Build | Farm |
| 20:51 | Create | Villager (Male) |
| 20:52 | Create | Villager (Male) |
| 20:56 | Build | Farm |
| 21:07 | Create | Villager (Male) |
| 21:12 | Build | Farm |
| 21:23 | Build | Farm |
| 21:27 | Create | Villager (Male) |
| 21:40 | Create | Villager (Male) |
| 21:42 | Create | Villager (Male) |
| 21:50 | Build | Farm |
| 21:54 | Build | Farm |
| 21:59 | Build | Farm |
| 22:02 | Create | Villager (Male) |
| 22:02 | Create | Villager (Male) |
| 22:08 | Build | Farm |
| 22:10 | Create | Villager (Male) |
| 22:20 | Create | Villager (Male) |
| 22:31 | Build | Farm |
| 22:32 | Build | Farm |
| 22:37 | Create | Villager (Male) |
| 22:53 | Create | Villager (Male) |
| 22:59 | Build | Farm |
| 23:01 | Create | Villager (Male) |
| 23:02 | Create | Villager (Male) |
| 23:26 | Create | Villager (Male) |
| 23:27 | Create | Villager (Male) |
| 23:28 | Create | Villager (Male) |
| 24:02 | Build | Castle |
| 24:09 | Create | Villager (Male) |
| 24:10 | Create | Villager (Male) |
| 24:17 | Build | Town Center |
| 24:37 | Create | Villager (Male) |
| 24:38 | Create | Villager (Male) |
| 24:39 | Create | Villager (Male) |
| 24:49 | Build | Town Center |
| 24:56 | Create | Villager (Male) |
| 24:56 | Create | Villager (Male) |
| 24:59 | Create | Villager (Male) |
| 25:11 | Build | Farm |
| 25:13 | Build | Farm |
| 25:22 | Build | Farm |
| 25:34 | Create | Villager (Male) |
| 25:35 | Create | Villager (Male) |
| 25:43 | Build | Farm |
Match timeline
| 8:10 | Tsukitech · age_up feudal |
| 8:21 | 家恒 · age_up feudal |
| 8:21 | Up1set · age_up feudal |
| 8:27 | LB_小小leo · age_up feudal |
| 9:06 | 傲娇 · age_up feudal |
| 9:38 | LB_小小leo · first_market_sell 100 wood |
| 10:35 | 家恒 · first_market_sell 100 wood |
| 10:48 | 一拍车拍死你全家 · age_up feudal |
| 11:16 | 喜多川海梦 · age_up feudal |
| 12:23 | 一拍车拍死你全家 · first_market_sell 100 wood |
| 12:32 | LB_小小leo · age_up castle |
| 13:24 | Up1set · age_up castle |
| 13:32 | 家恒 · age_up castle |
| 14:27 | LB_小小leo · first_building Castle |
| 15:04 | 喜多川海梦 · age_up castle |
| 15:09 | Tsukitech · age_up castle |
| 15:12 | 喜多川海梦 · first_market_buy 100 stone |
| 15:14 | 傲娇 · age_up castle |
| 15:20 | 喜多川海梦 · first_building Castle |
| 15:32 | 家恒 · first_building Monastery |
| 15:41 | 一拍车拍死你全家 · age_up castle |
| 16:03 | 一拍车拍死你全家 · first_building Monastery |
| 16:28 | Tsukitech · wall_segment Palisade Wall x1 |
| 17:32 | Up1set · first_building Castle |
| 18:11 | 家恒 · first_building Barracks |
| 20:31 | 家恒 · first_building Stable |
| 21:04 | Up1set · first_building Barracks |
| 21:30 | 喜多川海梦 · first_market_sell 100 wood |
| 21:41 | Tsukitech · first_building Siege Workshop |
| 22:02 | 傲娇 · first_building Castle |
| 22:41 | 家恒 · first_building Castle |
| 24:01 | Up1set · first_building Siege Workshop |
| 24:08 | Up1set · first_building Stable |
| 25:14 | 家恒 · first_market_buy 100 food |
| 25:59 | 喜多川海梦 · age_up imperial |
| 25:59 | Tsukitech · first_market_buy 100 food |
| 26:05 | 家恒 · wall_segment Stone Wall x8 |
| 26:07 | 一拍车拍死你全家 · first_building Castle |
| 26:26 | 家恒 · wall_segment Stone Wall x1 |
| 26:29 | 家恒 · wall_segment Stone Wall x1 |
| 27:08 | 家恒 · first_building Siege Workshop |
| 27:24 | 家恒 · first_building Archery Range |
| 28:16 | 一拍车拍死你全家 · first_building Barracks |
| 28:22 | 喜多川海梦 · wall_segment Stone Wall x1 |
| 28:33 | 家恒 · age_up imperial |
| 28:53 | Tsukitech · first_building Castle |
| 29:18 | Tsukitech · age_up imperial |
| 29:33 | 一拍车拍死你全家 · first_building Stable |
| 29:52 | 一拍车拍死你全家 · first_building Siege Workshop |
| 30:24 | 家恒 · wall_segment Stone Wall x9 |
| 30:46 | LB_小小leo · age_up imperial |
| 31:46 | LB_小小leo · first_building Barracks |
| 31:55 | 一拍车拍死你全家 · age_up imperial |
| 32:16 | Up1set · age_up imperial |
| 36:05 | Up1set · first_market_buy 100 food |
| 44:19 | 喜多川海梦 · first_building Siege Workshop |
| 46:26 | LB_小小leo · first_building Siege Workshop |
| 47:57 | 傲娇 · age_up imperial |
| 51:35 | Up1set · wall_segment Stone Wall x6 |
| 51:37 | Up1set · wall_segment Stone Wall x12 |
| 54:01 | 傲娇 · first_market_sell 100 food |
| 54:03 | 傲娇 · first_market_buy 100 stone |
| 56:49 | Tsukitech · first_building Barracks |
| 59:16 | Tsukitech · first_building Archery Range |
| 61:25 | Up1set · wall_segment Stone Wall x15 |
| 61:26 | Tsukitech · first_market_sell 500 wood |
| 61:41 | 傲娇 · first_building Siege Workshop |
| 62:18 | LB_小小leo · first_building Stable |
| 63:26 | Up1set · wall_segment Stone Wall x8 |
| 63:29 | Up1set · wall_segment Stone Wall x8 |
| 63:31 | Up1set · wall_segment Stone Wall x17 |
| 64:00 | 傲娇 · first_building Barracks |
| 67:03 | Up1set · wall_segment Stone Wall x18 |
| 68:57 | 一拍车拍死你全家 · tribute_sent a jugador 1 |
| 68:57 | 一拍车拍死你全家 · tribute_sent a jugador 3 |
| 68:57 | 一拍车拍死你全家 · tribute_sent a jugador 4 |
| 68:57 | 一拍车拍死你全家 · tribute_sent a jugador 5 |
| 68:57 | 一拍车拍死你全家 · tribute_sent a jugador 6 |
| 68:57 | 一拍车拍死你全家 · tribute_sent a jugador 7 |
| 68:58 | LB_小小leo · tribute_sent a jugador 1 |
| 68:58 | LB_小小leo · tribute_sent a jugador 2 |
| 68:58 | LB_小小leo · tribute_sent a jugador 3 |
| 68:58 | LB_小小leo · tribute_sent a jugador 4 |
| 68:58 | LB_小小leo · tribute_sent a jugador 5 |
| 68:58 | LB_小小leo · tribute_sent a jugador 6 |
| 69:07 | 家恒 · wall_segment Stone Wall x9 |
| 70:04 | Up1set · first_market_sell 100 wood |
| 70:43 | 家恒 · wall_segment Stone Wall x8 |
| 71:56 | Tsukitech · wall_segment Stone Wall x1 |
| 72:00 | Tsukitech · wall_segment Stone Wall x5 |
| 72:37 | 家恒 · wall_segment Stone Wall x8 |
| 78:46 | 喜多川海梦 · first_building Barracks |
| 79:28 | 喜多川海梦 · first_building Stable |
| 82:16 | Tsukitech · wall_segment Stone Wall x1 |
| 82:17 | Tsukitech · wall_segment Stone Wall x1 |
| 83:10 | 一拍车拍死你全家 · first_market_buy 100 wood |
| 84:31 | 傲娇 · first_building Archery Range |
| 88:11 | 家恒 · resign |
[ AI ANALYSIS · 1 CREDIT ]
What really happened in this match?
Wolo.gg analyzes every decision: build order, eco, micro, common mistakes by bracket. Personalized analysis on WhatsApp or Discord in 30 seconds.
Civ guide
Turks
Map guide
QS Arena
Perfil
喜多川海梦